 Dungeon Crawl Stone Soup version 0.24-a0-203-gf0bc1e9 (webtiles) character file.

Game seed: 1442881403545719390

70 ourship the Charmwright (level 4, -9/30 HPs)
             Began as a Halfling Skald on Mar 26, 2019.
             Mangled by a worm (10 damage)
             ... on level 2 of the Dungeon.
             The game lasted 00:06:55 (1689 turns).

ourship the Charmwright (Halfling Skald)            Turns: 1689, Time: 00:06:56

Health: -9/30      AC:  6    Str: 12    XL:     4   Next: 44%
Magic:  1/7        EV: 14    Int: 12    God:
Gold:   54         SH:  0    Dex: 13    Spells: 6/7 levels left

rFire    . . .     SeeInvis .   a - +0 short sword
rCold    . . .     Gourm    .   (shield restricted)
rNeg     . . .     Faith    .   b - +0 leather armour
rPois    .         Spirit   .   (no helmet)
rElec    .         Reflect  .   (no cloak)
rCorr    .         Harm     .   (no gloves)
MR       .....                  c - +2 pair of boots
Stlth    +.........             (no amulet)
HPRegen  0.10/turn              (no ring)
MPRegen  0.10/turn              (no ring)

@: no status effects
A: small, mutation resistance 1
a: no special abilities


You were on level 2 of the Dungeon.
You were not hungry.

You visited 1 branch of the dungeon, and saw 2 of its levels.

You collected 54 gold pieces.

Inventory:

Hand Weapons
 a - a +0 short sword (weapon)
Armour
 b - a +0 leather armour (worn)
 c - a +2 pair of boots (worn)
Jewellery
 g - a +3 ring of intelligence {unknown}
Scrolls
 e - a scroll of noise {unknown}
 f - a scroll of remove curse {unknown}
 h - a scroll of teleportation {unknown}
 i - a scroll of amnesia {unknown}
 j - a scroll of identify {unknown}
 l - a scroll of immolation {unknown}
Potions
 k - a potion of heal wounds {unknown}
Comestibles
 d - 2 rations


   Skills:
 + Level 2.4 Fighting
 + Level 3.3 Short Blades
 - Level 1.1 Armour
 - Level 2.1 Dodging
 + Level 2.1 Spellcasting
 + Level 3.9 Charms


You had 6 spell levels left.
You knew the following spells:

 Your Spells              Type           Power        Failure   Level  Hunger
a - Infusion              Chrm           ##..         7%          1    ##.....

Your spell library contained the following spells:

 Spells                   Type           Power        Failure   Level  Hunger
 Song of Slaying          Chrm           ##......     10%         2    ###....
 Shroud of Golubria       Chrm/Tloc      #.........   22%         2    ###....
 Regeneration             Chrm/Necr      #.........   41%         3    ####...
 Spectral Weapon          Hex/Chrm       #.......     41%         3    ####...


Dungeon Overview and Level Annotations

Branches:
Dungeon (2/15)

Altars:
Elyvilon
Sif Muna


Innate Abilities, Weirdness & Mutations

You are small and have problems with some larger weapons.
You are somewhat resistant to further mutation.


Message History

You hit the adder.
You kill the adder!
You feel sick. The worm barely misses you. The worm bites you!
* * * LOW HITPOINT WARNING * * *
You hit the worm.
The worm is moderately wounded.
You are no longer magically infusing your attacks.
The worm misses you.
You hit the worm.
The worm is heavily wounded.
The worm closely misses you.
You hit the worm.
The worm is heavily wounded.
* * * LOW HITPOINT WARNING * * *
You feel sick.
You are no longer poisoned.
You hit the worm.
The worm is severely wounded.
The worm bites you!
You die...

#.# #.# #.#
#.# #. #.#
.. #.# .#
#.###.#
#.##..# ###.
#@##w.#.....
#w##.....#
#w.#)#
#..(.#
#.#### #.#
#.. ###


You could see 2 worms.

Vanquished Creatures
  3 adders (D:2)
  A worm (D:2)
  A dart slug (D:1)
  A leopard gecko (D:2)
  A ball python (D:2)
  3 giant cockroaches
  4 goblins
  3 hobgoblins (D:1)
  4 jackals (D:1)
  5 kobolds
  A quokka (D:2)
  2 bats
  A frilled lizard (D:1)
  4 rats
34 creatures vanquished.

Notes
Turn   | Place    | Note
-------+----------+-------------------------------------------
     0 | D:1      | ourship the Halfling Skald began the quest for the Orb.
     0 | D:1      | Reached XP level 1. HP: 14/14 MP: 3/3
   214 | D:1      | Reached XP level 2. HP: 19/19 MP: 1/4
   649 | D:1      | Reached XP level 3. HP: 24/24 MP: 1/5
  1587 | D:2      | Found a deep blue altar of Sif Muna.
  1587 | D:2      | Found a white marble altar of Elyvilon.
  1640 | D:2      | Reached XP level 4. HP: 26/29 MP: 7/7
  1684 | D:2      | HP: 1/30 [worm (8)]
  1689 | D:2      | Mangled by a worm

Levels and vault maps discovered:
D:1:      elethiomel_arrival_infinity_welcomes_careful_drivers,
          layout_loops_corners
D:2:      minmay_evil_eye, layout_basic, gammafunk_temple_overflow_elements,
          yredelemnul_altar_generic

Skill      XL: |  1  2  3 |
---------------+----------+-----
Fighting       | 2 |  2.4
Short Blades   | 3 |  3.3
Spellcasting   | 2 |  2.1
Armour         | |  1.1
Dodging        | |  2.1
Charms         | |  3.9

Action                   |  1- 3 |  4- 6 || total
-------------------------+-------+-------++-------
Melee: Short sword       |   116 |    28 ||   144
 Cast: Infusion          |    13 |     2 ||    15
  Use: Potion            |     1 |       ||     1
  Eat: Ration            |     1 |       ||     1
Armor: Leather armour    |    35 |     6 ||    41
Dodge: Dodged            |    71 |    28 ||    99

Table legend:
 A = Non-vault XP
 B = Vault XP
 C = Vault XP percentage of total XP
 D = Non-vault monster count
 E = Vault monster count
 F = Vault count percentage of total count
                 A         B        C        D         E       F
            +---------+---------+-------+---------+---------+-------
      Total |      85 |      15 |  15.0 |      32 |       2 |   5.9
            +---------+---------+-------+---------+---------+-------
        D:1 |      32 |       0 |   0.0 |      17 |       0 |   0.0
        D:2 |      53 |      15 |  22.1 |      15 |       2 |  11.8
            +---------+---------+-------+---------+---------+-------
